 Dungeon Sprint DCSS version 0.27-a0-808-g60bc5d92e6 (webtiles) character file.

Game seed: 11499394672392509322

6 mhtbhm the Cutter (level 2, -2/30 HPs)
             Began as a Kobold Berserker on Mar 28, 2021.
             Was a Believer of Trog.
             Slain by a sky beast (5 damage)
             ... in the Dungeon (Sprint IX: "|||||||||||||||||||||||||||||").
             The game lasted 00:00:07 (76 turns).

mhtbhm the Cutter (Kobold Berserker)                  Turns: 76, Time: 00:00:08

Health: -2/30      AC:  2    Str: 14    XL:     2   Next: 0%
Magic:  2/2        EV: 15    Int:  8    God:    Trog [**....]
Gold:   0          SH:  0    Dex: 14    Spells: 1/1 levels left

rFire    . . .     SeeInvis .   a - +0 short sword
rCold    . . .     Faith    .   (shield restricted)
rNeg     . . .     Spirit   .   b - +0 animal skin
rPois    .         Reflect  .   (no helmet)
rElec    .         Harm     .   (no cloak)
rCorr    .         Rampage  .   (no gloves)
Will     .....     NoTele   +   (no boots)
Stlth    ..........             (no amulet)
HPRegen  0.10/turn              (no ring)
MPRegen  0.08/turn              (no ring)

@: berserking (expiring), very quick
A: small, no large weapons, nightstalker 3
a: Renounce Religion, Berserk, Trog's Hand


You were in the Dungeon.
You worshipped Trog.
Trog was pleased with you.
You visited 1 branch

Inventory:

Hand Weapons
 a - a +0 short sword (weapon)
Armour
 b - a +0 animal skin (worn)
Scrolls
 h - a scroll of blinking
Potions
 c - a potion of curing
 d - a potion of heal wounds
 e - a potion of haste
 f - 2 potions of magic
 g - a potion of berserk rage


   Skills:
 + Level 4.1 Fighting
 + Level 5.1 Short Blades
 + Level 1.8 Armour
 + Level 2.7 Dodging


You had one spell level left.
You didn't know any spells.
Your spell library was empty.

Dungeon Overview and Level Annotations

Branches:
Dungeon (1/1)

Altars:


Innate Abilities, Weirdness & Mutations

You are small and have problems with some larger weapons.
You are completely attuned to the shadows.


Message History

No target in view!
No target in view!
No target in view!
No target in view!
You are no longer berserk.
You are exhausted.
You feel yourself slow down.
You see here a ball python corpse.
You start resting.
You feel yourself speed up.
You start resting.
You recover from your berserk rage.
You start resting.
HP restored.
You open the door.
A sky beast, a necrophage and a zombie come into view.
A red film seems to cover your vision as you go berserk!
You feel yourself moving faster!
You feel mighty!
The sky beast flickers out of sight!
Deactivating autopickup; reactivate with Ctrl-A.
You hit the giant cockroach zombie.
The giant cockroach zombie is severely damaged.
You puncture the giant cockroach zombie!
You destroy the giant cockroach zombie!
Trog accepts your kill.
You have reached level 2!
Unknown command.
You barely miss something. You puncture something!
Something completely misses you.
You closely miss something. Something hits you. Something shocks you.
You hit something. You puncture something! Something hits you.
Something shocks you.
You miss something. You hit something. Something hits you.
Something shocks you.
* * * LOW HITPOINT WARNING * * *
You closely miss something. You barely miss something. Something hits you.
* * * LOW HITPOINT WARNING * * *
Something shocks you.
You die...

▓.▓
▓.▓
▓.▓
▓)▓
▓†▓
▓.▓
▓†▓
▓.▓
▓@▓
▓{▓
▓n▓
▓.▓
▓.▓


You could see a necrophage.

Vanquished Creatures
  2 endoplasms (D)
  A hobgoblin (D)
  A ball python (D)
  A giant cockroach zombie (D)
  A kobold (D)
6 creatures vanquished.

Notes
Turn   | Place    | Note
-------+----------+-------------------------------------------
     0 | D        | mhtbhm the Kobold Berserker began the quest for the Orb.
     0 | D        | Reached XP level 1. HP: 14/14 MP: 1/1
    10 | D        | Reached ** piety under Trog
    16 | D        | Reached skill level 5 in Short Blades
    64 | D        | Noticed a sky beast
    64 | D        | Noticed a necrophage
    68 | D        | Reached XP level 2. HP: 20/20 MP: 2/2
    76 | D        | Slain by a sky beast

Illustrated notes

Levels and vault maps discovered:
D:        linesprint [early_d, line_temple, items_1, d_10, items_2, lair_1,
          lair_end, items_3, orc_1, orc_end, items_4, d_15, swamp_1, shoals_1,
          snake_1, spider_1, d_20, vaults_1, items_5, swamp_end, shoals_end,
          snake_end, spider_end, vaults_end, d_27, items_6, zot_1, zot_end,
          crypt_end, forest_end, elf_end, slime_end, tomb_end, abyss_end,
          pan_hell_end]

Skill      XL: |  1 |
---------------+----+-----
Fighting       | 4 |  4.1
Short Blades   | 5 |  5.1
Armour         | |  1.8
Dodging        | |  2.7

Action                   || total
-------------------------++-------
Melee: Short sword       ||    19
Invok: Berserk           ||     2
Dodge: Dodged            ||     5

Table legend: (Time is in decaauts)
 A = Elapsed time spent in this place.
 B = Non-inter-level travel time spent in this place.
 C = Inter-level travel time spent in this place.
 D = Time resting spent in this place.
 E = Time spent auto-exploring this place.
 F = Levels seen in this place.
 G = Mean time per level.
                   A        B        C        D        E       F      G
               +--------+--------+--------+--------+--------+-----+--------+
         Total |     80 |     80 |      0 |     58 |      3 |   1 |   80.0 |
       Dungeon |     80 |     80 |      0 |     58 |      3 |   1 |   80.0 |
               +--------+--------+--------+--------+--------+-----+--------+

Top non-repeatable levels by time:
       D: 80 daAuts
